 Dungeon Crawl Stone Soup version 0.21-a0-39-g28ea6b7 (webtiles) character file.

1013 theAP the Cudgeler (level 8, 0/52 HPs)
             Began as a Gargoyle Fighter on May 30, 2017.
             Slain by a purple ugly thing (5 damage)
             ... on level 6 of the Dungeon.
             The game lasted 00:06:58 (3560 turns).

theAP the Cudgeler (Gargoyle Fighter)               Turns: 3560, Time: 00:06:59

Health: 0/52       AC: 15    Str: 22 (23) XL:     8   Next: 21%
Magic:  8/8        EV:  7    Int:  6 (8)  God:
Gold:   256        SH:  9    Dex:  8 (9)  Spells: 7/7 levels left

rFire    + . .     SeeInvis .   z - +0 flail (holy)
rCold    . . .     Gourm    .   c - +0 shield
rNeg     + . .     Faith    .   b - +0 scale mail
rPois    ∞         Spirit   .   (no helmet)
rElec    +         Reflect  .   y - +0 cloak
rCorr    .         Harm     .   k - +0 pair of gloves
MR       .....     Rnd*Rage +   s - +0 pair of boots
Stlth    ..........             (no amulet)
Regen    0.2/turn               w - ring of fire
MPRegen  0.2/turn               d - ring of protection from cold

@: no status effects
A: fangs 1, berserk 1, negative energy resistance 1, electricity resistance,
unbreathing, petrification resistance, rot immunity, MP-powered wands, AC +5
a: no special abilities


You were on level 6 of the Dungeon.
You were not hungry.

You visited 1 branch of the dungeon, and saw 6 of its levels.

You collected 256 gold pieces.

Inventory:

Hand Weapons
 a - a +0 flail
 z - a +0 flail of holy wrath (weapon)
Armour
 b - a +0 scale mail (worn)
 c - a +0 shield (worn)
 k - a +0 pair of gloves (worn)
 s - a +0 pair of boots (worn)
 y - a +0 cloak (worn)
Jewellery
 d - a ring of protection from cold (right hand)
 w - a ring of fire (left hand)
Scrolls
 e - a scroll of fog {unknown}
 g - a scroll of immolation {unknown}
 h - 7 scrolls of remove curse {unknown}
 j - a scroll of magic mapping {unknown}
 m - a scroll of teleportation {unknown}
 o - a scroll of fear {unknown}
 p - 4 scrolls of identify {unknown}
 u - a scroll of recharging {unknown}
 v - a scroll of enchant weapon {unknown}
 x - a scroll of random uselessness {unknown}
 B - a scroll of enchant armour {unknown}
Potions
 l - 2 potions of degeneration
 t - a potion of curing
Comestibles
 f - 3 bread rations
 i - 3 royal jellies
 n - a fruit


   Skills:
 + Level 6.6 Fighting
 * Level 7.9 Maces & Flails
 - Level 3.2 Armour
 - Level 3.2 Shields


You had 7 spell levels left.
You didn't know any spells.

Dungeon Overview and Level Annotations

Branches:
Dungeon (7/15)
 Temple: D:4-7

Altars:
Ashenzari
Dithmenos
Okawaru
Ru
Sif Muna
Zin


Innate Abilities, Weirdness & Mutations

You are resistant to torment.
Your stone body is resilient. (AC +5)
You are immune to poison.
You resist negative energy. (rN+)
You are resistant to electric shocks. (rElec)
You can survive without breathing.
You are immune to petrification.
You are immune to rotting.
You have very sharp teeth.
You tend to lose your temper in combat.
You expend magic power (3 MP) to strengthen your wands.


Message History

You block the purple ugly thing's attack.
You hit the purple ugly thing.
You bite the purple ugly thing, but do no damage.
The purple ugly thing is heavily wounded.
The purple ugly thing kicks you but does no damage.
You barely miss the purple ugly thing.
The purple ugly thing is heavily wounded.
The purple ugly thing kicks you!
* * * LOW HITPOINT WARNING * * *
You hit the purple ugly thing but do no damage.
The purple ugly thing is heavily wounded.
The purple ugly thing barely misses you.
You thump the purple ugly thing!
The purple ugly thing is severely wounded.
The purple ugly thing kicks you!
* * * LOW HITPOINT WARNING * * *
You sock the purple ugly thing!
The purple ugly thing is severely wounded.
The purple ugly thing kicks you.
You die...

...(.......##..##
#####.####......# # #.#
############### ### #.#
......# ..###.#####
......# ..........##
......#
...........######......#
.......................#
...............<@......#
...........######u.....#
..........## ......#
#..>##...## ......#
########## ......#
#######


You could see a purple ugly thing.

Vanquished Creatures
  Eustachio (D:6)
  2 sky beasts
  A necrophage (D:7)
  A centaur (D:6)
  A big kobold (D:7)
  Crazy Yiuf (D:3)
  3 orc wizards
  4 orc priests
  A centaur skeleton (D:7)
  An iguana (D:6)
  5 adders
  An adder skeleton (D:4)
  3 worms
  2 dart slugs
  3 leopard geckos
  11 orcs
  6 bats
  2 giant cockroaches
  13 goblins
  7 hobgoblins
  11 jackals
  3 quokkas
  A frilled lizard (D:3)
  14 kobolds
  23 rats
121 creatures vanquished.

Notes
Turn   | Place    | Note
-------+----------+-------------------------------------------
     0 | D:1      | theAP the Gargoyle Fighter began the quest for the Orb.
     0 | D:1      | Reached XP level 1. HP: 14/14 MP: 1/1
    28 | D:1      | Reached XP level 2. HP: 16/19 MP: 2/2
   150 | D:1      | Reached skill level 3 in Maces & Flails
   211 | D:1      | Reached XP level 3. HP: 24/24 MP: 3/3
   723 | D:2      | Found a faded altar of an unknown god.
   921 | D:2      | Reached XP level 4. HP: 28/29 MP: 4/4
  1033 | D:2      | Found a sacrificial altar of Ru.
  1450 | D:2      | Reached skill level 4 in Maces & Flails
  1474 | D:2      | Found a sacrificial altar of Ru.
  1632 | D:3      | Noticed a sky beast
  1661 | D:3      | Killed a sky beast
  1661 | D:3      | Reached XP level 5. HP: 21/34 MP: 5/5
  1763 | D:3      | Reached skill level 5 in Maces & Flails
  1783 | D:3      | Found a glowing silver altar of Zin.
  1834 | D:3      | Reached XP level 6. HP: 28/40 MP: 6/6
  2269 | D:3      | Reached skill level 5 in Fighting
  2428 | D:3      | Found a runed door.
  2493 | D:3      | Found a shattered altar of Ashenzari.
  2600 | D:3      | Noticed Crazy Yiuf
  2614 | D:3      | Killed Crazy Yiuf
  3107 | D:4      | Found an iron altar of Okawaru.
  3136 | D:4      | You fall through a shaft for 3 floors!
  3176 | D:7      | Reached skill level 6 in Maces & Flails
  3183 | D:7      | Noticed a necrophage
  3188 | D:7      | Reached XP level 7. HP: 42/44 MP: 7/7
  3310 | D:7      | Found a shadowy altar of Dithmenos.
  3355 | D:6      | Found a deep blue altar of Sif Muna.
  3410 | D:6      | Reached skill level 7 in Maces & Flails
  3416 | D:6      | Gained mutation: You have very sharp teeth. [mutagenic meat]
  3417 | D:6      | Gained mutation: You expend magic power (3 MP) to strengthen your wands. [mutagenic meat]
  3418 | D:6      | Gained mutation: You tend to lose your temper in combat. [mutagenic meat]
  3450 | D:6      | Reached XP level 8. HP: 23/51 MP: 8/8
  3454 | D:6      | Noticed Eustachio
  3470 | D:6      | Killed Eustachio
  3540 | D:6      | Noticed a purple ugly thing
  3560 | D:6      | Slain by a purple ugly thing

Vault maps used:
D:1:      erik_arrival_orb_chamber
D:2:      overflow_temple_1_default, serial_forest,
          infiniplex_forest_clump_cross, infiniplex_forest_clump_large,
          infiniplex_forest_lined_3, infiniplex_forest_clump_curved,
          infiniplex_forest_end_2, infiniplex_forest_clump_double,
          infiniplex_forest_straight_3, infiniplex_forest_corner_1,
          chequers_ecumenical_altar_simple_redux,
          nicolae_ru_the_path_less_chosen
D:3:      lemuel_doored_altar, overflow_temple_1_default, first_bread,
          st_stairs_11, minmay_misc_feat_secret_circle, uniq_crazy_yiuf_cottage
D:4:      okawaru_ov_weapons_minmay, marbit_many_paths, uniq_edmund
D:6:      nicolae_overflow_crystal_walls, kennysheep_mini_moat,
          lemuel_coloured_pillars_altar, uniq_eustachio
D:7:      minmay_cornered_nines, nicolae_dithmenos_shadow_blocks,
          minmay_temple_entry_junction_2, uniq_joseph

Skill      XL: |  1  2  3  4  5  6  7 |
---------------+----------------------+-----
Maces & Flails | 3 4 5 6 7 |  7.9
Fighting       | 4 5 6 |  6.6
Armour         | |  3.2
Shields        | |  3.2

Action                   |  1- 3 |  4- 6 |  7- 9 || total
-------------------------+-------+-------+-------++-------
Melee: Flail             |    92 |   217 |   102 ||   411
       Bite              |       |       |     5 ||     5
  Use: Potion            |       |     1 |     4 ||     5
  Eat: Chunk             |       |     7 |     5 ||    12
Armor: Scale mail        |    27 |   154 |    54 ||   235
Dodge: Dodged            |    14 |    67 |    34 ||   115
Block: Shield            |    47 |   114 |    40 ||   201
